[Event "Titled Tuesday Blitz August 17 2021"]
[White "Sarkar, Justin"]
[Black "Silva, Miguel Antonio Neto"]
[WhiteFideId "2010011"]
[BlackFideId "1911929"]
[WhiteElo "2094"]
[BlackElo "2283"]
[Result "1-0"]
[Round "11"]
[TimeControl "180+1"]
[Date "2021.08.17"]
[WhiteClock "0:00:05"]
[BlackClock "0:00:53"]

1. d4 Nf6 2. c4 e6 3. Nc3 Bb4 4. Qc2 O-O 5. Bg5 h6 6. Bh4 c5 7. e3 cxd4 8. exd4 Be7 9. Nf3 d5 10. cxd5 Nxd5 11. Nxd5 Bxh4 12. Nc7 Bf6 13. Nxa8 Nc6 14. Be2 Bd7 15. O-O Qxa8 16. Rfd1 Rd8 17. Rac1 Nb4 18. Qb3 Nd5 19. Ne5 Be8 20. Bf3 Bxe5 21. dxe5 Bc6 22. Qc4 Qb8 23. Qd4 Rd7 24. Re1 g6 25. Qh4 Kh7 26. Bxd5 Rxd5 27. Qf6 Rd7 28. h4 h5 29. Rcd1 Bd5 30. Rd4 Qd8 31. Qxd8 Rxd8 32. f3 Rc8 33. Red1 Kg7 34. b3 Rc2 35. R1d2 Rc1+ 36. Kf2 Rh1 37. Rxd5 exd5 38. Rxd5 Rxh4 39. Rd7 Rb4 40. e6 Kf8 41. Rxf7+ Ke8 42. Rg7 a5 43. Rxg6 Ke7 44. Rh6 Rb5 45. f4 b6 46. Kf3 a4 47. g4 hxg4+ 48. Kxg4 axb3 49. axb3 Rxb3 50. f5 Rb1 51. Rh7+ Kf8 52. f6 Rg1+ 53. Kf5 Rf1+ 54. Ke5 Re1+ 55. Kd6 Rd1+ 56. Kc7 Kg8 57. Rg7+ Kh8 58. e7 Re1 59. Kd7 Rd1+ 60. Ke8 Rf1 61. f7 1-0


[Site "https://www.chess.com"]

[Event "Titled Tuesday Blitz August 17 2021"]
[White "Sengupta, Deep"]
[Black "Babiy, Olga"]
[WhiteFideId "5008352"]
[BlackFideId "14117258"]
[WhiteElo "2347"]
[BlackElo "2253"]
[Result "1-0"]
[Round "11"]
[TimeControl "180+1"]
[Date "2021.08.17"]
[WhiteClock "0:00:20"]
[BlackClock "0:00:05"]

1. d4 d5 2. c4 dxc4 3. e4 Nf6 4. e5 Nd5 5. Bxc4 Nb6 6. Bb3 Nc6 7. Ne2 Bg4 8. f3 Bf5 9. O-O e6 10. Nbc3 Be7 11. Be3 Nb4 12. Ng3 Bg6 13. Nge4 N4d5 14. Bf2 c6 15. Qd2 Qc7 16. Bg3 O-O-O 17. Nd6+ Kb8 18. a4 Nc8 19. Nce4 Qb6 20. Ra3 a5 21. Rc1 Nb4 22. Rd1 Bxe4 23. Nxe4 Nd5 24. Bc4 Bxa3 25. bxa3 Qc7 26. Rb1 Ndb6 27. Bb3 Qd7 28. Nd6 Nxd6 29. exd6 Nc8 30. Bc4 Nxd6 31. Ba6 Ka7 32. Qxa5 bxa6 33. Qb6+ Ka8 34. Bxd6 Rc8 35. Bc5 Rc7 36. Qxa6+ Ra7 37. Bxa7 1-0


[Site "https://www.chess.com"]

[Event "Titled Tuesday Blitz August 17 2021"]
[White "Shafigullina, Zarina"]
[Black "Lock, Gavin R"]
[WhiteFideId "24174220"]
[BlackFideId "408646"]
[WhiteElo "2087"]
[BlackElo "2104"]
[Result "1-0"]
[Round "11"]
[TimeControl "180+1"]
[Date "2021.08.18"]
[WhiteClock "0:01:30"]
[BlackClock "0:00:05"]

1. d4 d5 2. Nf3 Nf6 3. g3 c6 4. Bg2 Bf5 5. O-O e6 6. c4 h6 7. Nc3 Be7 8. Nd2 O-O 9. e4 dxe4 10. Ndxe4 Nbd7 11. Be3 Nxe4 12. Nxe4 Nf6 13. Nc3 Qa5 14. a3 Rfd8 15. b4 Qa6 16. Qb3 Bd3 17. b5 cxb5 18. cxb5 Qa5 19. Rfd1 Bg6 20. Bxb7 Rab8 21. Bg2 Rdc8 22. Rdc1 Bd6 23. a4 Qb4 24. Qxb4 Bxb4 25. Na2 Ba3 26. Rxc8+ Rxc8 27. Bc6 Nd5 28. Bc1 Bd6 29. Bd2 Ne7 30. Bb4 Nxc6 31. Rc1 Bxb4 32. Nxb4 Ne7 33. Rxc8+ Nxc8 34. f3 Kf8 35. a5 Ke7 36. Nc6+ Kd6 37. Nxa7 Nxa7 38. b6 1-0


[Site "https://www.chess.com"]

[Event "Titled Tuesday Blitz August 17 2021"]
[White "Shimanov, Aleksandr"]
[Black "Paravyan, David"]
[WhiteFideId "4198603"]
[BlackFideId "4194985"]
[WhiteElo "2596"]
[BlackElo "2562"]
[Result "0-1"]
[Round "11"]
[TimeControl "180+1"]
[Date "2021.08.17"]
[WhiteClock "0:00:08"]
[BlackClock "0:00:09"]

1. b3 e5 2. Bb2 Nc6 3. c4 Nge7 4. e3 d5 5. cxd5 Nxd5 6. a3 f6 7. d3 Be6 8. Nf3 Qd7 9. Nbd2 O-O-O 10. b4 g5 11. Nb3 g4 12. Nfd2 Nb6 13. Nc5 Bxc5 14. bxc5 Nd5 15. Rb1 Qe7 16. Qc2 f5 17. Be2 f4 18. e4 Nf6 19. Ba1 Rhg8 20. Qb2 Qxc5 21. Qxb7+ Kd7 22. O-O Rb8 23. Qa6 f3 24. Bd1 Rb6 25. Rxb6 Qxb6 26. Qxb6 cxb6 27. Ba4 Kd6 28. Bxc6 Kxc6 29. Bxe5 Nd7 30. Rc1+ Kb7 31. Rc7+ Ka6 32. Bd4 fxg2 33. Kxg2 h5 34. Kg3 Rd8 35. Rc6 Nb8 36. Rxe6 Rxd4 37. Nf1 Rxd3+ 38. Ne3 Rxa3 39. e5 Kb5 40. Re7 Nc6 41. Re8 Ra4 42. Kh4 Re4 43. Kxh5 Rxe5+ 44. Rxe5+ Nxe5 45. Nxg4 Nxg4 46. Kxg4 a5 47. f4 a4 48. f5 Kc6 49. f6 Kd7 50. Kf5 Ke8 51. Kg6 Kf8 52. h4 a3 53. h5 a2 54. h6 a1=Q 55. h7 Qg1+ 56. Kh6 Qh2+ 57. Kg6 Qg3+ 58. Kh6 Qh4+ 59. Kg6 b5 60. f7 Qxh7+ 0-1


[Site "https://www.chess.com"]

[Event "Titled Tuesday Blitz August 17 2021"]
[White "Shkapenko, Pavel"]
[Black "Maevsky, Nikolay"]
[WhiteFideId "4151933"]
[BlackFideId "4198220"]
[WhiteElo "2386"]
[BlackElo "2213"]
[Result "1-0"]
[Round "11"]
[TimeControl "180+1"]
[Date "2021.08.17"]
[WhiteClock "0:00:06"]
[BlackClock "0:00:01"]

1. e4 g6 2. d4 Bg7 3. Nc3 d6 4. h3 a6 5. a4 Nf6 6. g4 c5 7. dxc5 Qa5 8. Bg2 Qxc5 9. Nge2 O-O 10. O-O Nc6 11. Be3 Qa5 12. f4 Qb4 13. Ra3 Na5 14. Bc1 Nc4 15. Rb3 Qc5+ 16. Kh1 Bxg4 17. hxg4 Nxg4 18. Qd5 Nge3 19. Qxc5 dxc5 20. Bxe3 Nxe3 21. Rf3 Nxc2 22. Rxb7 Rab8 23. Rxb8 Rxb8 24. Nd1 Bxb2 25. Nxb2 Rxb2 26. Rc3 Ne1 27. Bf1 Rb4 28. e5 Rxa4 29. Kg1 c4 30. Nd4 Nd3 31. Bxd3 cxd3 32. Rxd3 Kg7 33. Kf2 e6 34. Kf3 h6 35. Nc6 g5 36. fxg5 hxg5 37. Rd6 a5 38. Rd7 Rf4+ 39. Ke3 a4 40. Ra7 Kg6 41. Nd4 Rh4 42. Rxa4 f6 43. Ra6 fxe5 44. Rxe6+ Kf7 45. Rxe5 Kf6 46. Re6+ Kf7 47. Rd6 Rf4 48. Nf3 Rf5 49. Ke4 Rf4+ 50. Ke3 Rf5 51. Rb6 Kg7 52. Nd4 Re5+ 53. Kf3 Kf7 54. Kg3 Rd5 55. Nf3 Rf5 56. Rc6 Kg7 57. Rc3 Kg6 58. Rc6+ Kg7 59. Re6 Kf7 60. Ra6 Kg7 61. Ne1 Kf7 62. Ng2 Rd5 63. Ne3 Re5 64. Ng4 Rb5 65. Kf3 Kg7 66. Ne3 Rb3 67. Ke4 Kf7 68. Ng4 Rb4+ 69. Kf5 Rb5+ 70. Ne5+ Ke7 71. Re6+ Kd8 72. Kxg5 Kc7 73. Kf5 Rb6 74. Re7+ Kd8 75. Rf7 Kc8 76. Ke4 Rd6 77. Nc4 Rd7 78. Rf6 Re7+ 79. Kd5 Kc7 80. Ne5 Rh7 81. Ra6 Kb7 82. Ra4 Rh5 83. Rb4+ Kc7 84. Rc4+ Kb7 85. Rc5 Ka7 86. Kc4 Rh4+ 87. Kb5 Rh6 88. Rc7+ Kb8 89. Re7 Rh5 90. Kb6 Kc8 91. Nc6 Rh8 92. Rc7# 1-0


[Site "https://www.chess.com"]

[Event "Titled Tuesday Blitz August 17 2021"]
[White "Sokolin, Leonid"]
[Black "Shahade, Gregory"]
[WhiteFideId "2009161"]
[BlackFideId "2009064"]
[WhiteElo "2394"]
[BlackElo "2685"]
[Result "0-1"]
[Round "11"]
[TimeControl "180+1"]
[Date "2021.08.17"]
[WhiteClock "0:00:11"]
[BlackClock "0:00:09"]

1. e4 e5 2. Nf3 Nc6 3. Bc4 Nf6 4. d4 exd4 5. e5 Ne4 6. Bb5 Be7 7. O-O O-O 8. c3 dxc3 9. Qd5 Nc5 10. Nxc3 d6 11. exd6 Bxd6 12. Qh5 g6 13. Qh6 Qf6 14. Bg5 Qg7 15. Qh4 h5 16. Nd5 Bg4 17. Nf6+ Kh8 18. Nxg4 Kg8 19. Nf6+ Kh8 20. Nxh5 Qh7 21. Nf6 Qxh4 22. Bxh4 Ne7 23. Bg3 Nf5 24. Bxd6 Nxd6 25. Be2 Kg7 26. Nd5 c6 27. Nc3 Rfe8 28. Rfd1 Nf5 29. Rd2 b5 30. g4 Ne7 31. Rc1 Ne6 32. Nd4 Nf4 33. Bf1 b4 34. Ne4 Ned5 35. Nd6 Red8 36. Rxc6 a5 37. Ne4 Ne7 38. Rc7 Nfd5 39. Rb7 Rac8 40. g5 Rc1 41. h4 Rh8 42. Nf6 Nxf6 43. gxf6+ Kxf6 44. Nf3 Nf5 45. Rb6+ Kg7 46. Rd7 Nxh4 47. Nxh4 Rxh4 48. Rd3 Rg4+ 49. Rg3 Rd4 50. b3 Rdd1 51. Kg2 Rxf1 52. Re3 Rg1+ 53. Kf3 Rh1 54. Rb7 Rh3+ 55. Ke4 Rxe3+ 56. fxe3 Rc2 57. Ra7 Rxa2 58. Kd5 Re2 0-1


[Site "https://www.chess.com"]

[Event "Titled Tuesday Blitz August 17 2021"]
[White "Sokolovsky, Yahli"]
[Black "Nguyen, Thi Minh Oanh"]
[WhiteFideId "2820242"]
[BlackFideId "12404080"]
[WhiteElo "1770"]
[BlackElo "1825"]
[Result "1-0"]
[Round "11"]
[TimeControl "180+1"]
[Date "2021.08.17"]
[WhiteClock "0:00:11"]
[BlackClock "0:00:16"]

1. b3 Nf6 2. Bb2 e6 3. e3 Be7 4. f4 O-O 5. Nf3 c5 6. c4 d5 7. Be2 Nc6 8. O-O d4 9. exd4 cxd4 10. d3 Qc7 11. g3 Rd8 12. Nbd2 e5 13. fxe5 Nxe5 14. Kg2 Neg4 15. Qc1 Ne3+ 16. Kg1 Nxf1 17. Qxf1 b6 18. Ng5 Bb7 19. Nde4 Bxe4 20. dxe4 h6 21. Nf3 Nxe4 22. Bd3 Nf6 23. Re1 Re8 24. Bxd4 Bc5 25. Rd1 Bxd4+ 26. Nxd4 Rad8 27. Nf5 Qc5+ 28. Kg2 Ng4 29. Qf4 Ne5 30. Bc2 Rxd1 31. Bxd1 Qc6+ 32. Kh3 Ng6 33. Qd4 Qf6 34. Qxf6 gxf6 35. Nxh6+ Kg7 36. Nf5+ Kf8 37. Bf3 Re5 38. Nd6 Re3 39. Bb7 Re2 40. a4 Rb2 41. Nc8 Rxb3 42. Nxa7 Nf4+ 43. Kg4 Ne6 44. Bc6 Ke7 45. Bb5 Nc7 46. Nc8+ Ke6 47. Nxb6 Rb4 48. Kf3 Nxb5 49. cxb5 Kd6 50. h4 Kc5 51. Nd7+ Kd6 52. Nxf6 Rxa4 53. h5 Ra5 54. h6 Rxb5 55. h7 Rb8 56. Ng8 Rb3+ 57. Kg4 Rb4+ 58. Kg5 Rb5+ 59. Kf6 Rb1 60. h8=Q Rf1+ 61. Kg7 Rg1 62. Qh6+ Kd7 63. Qf4 Rh1 64. Nf6+ Ke7 65. Qe5+ Kd8 66. Qd6+ Kc8 67. Qc6+ Kb8 68. Qxh1 1-0


[Site "https://www.chess.com"]

[Event "Titled Tuesday Blitz August 17 2021"]
[White "Solon, Nathan"]
[Black "Seul, Georg"]
[WhiteFideId "2017229"]
[BlackFideId "4601653"]
[WhiteElo "2673"]
[BlackElo "2332"]
[Result "1-0"]
[Round "11"]
[TimeControl "180+1"]
[Date "2021.08.17"]
[WhiteClock "0:01:03"]
[BlackClock "0:00:11"]

1. d4 Nf6 2. c4 e6 3. g3 Bb4+ 4. Nd2 O-O 5. Bg2 d5 6. Nf3 dxc4 7. Qc2 Nc6 8. Qxc4 Qd5 9. O-O Bxd2 10. Qxd5 exd5 11. Bxd2 Ne4 12. Bf4 Bg4 13. Rfd1 Rac8 14. Rac1 Rfe8 15. a3 a5 16. h3 Bh5 17. g4 Bg6 18. e3 f6 19. Nd2 Nxd2 20. Bxd5+ Bf7 21. Bxf7+ Kxf7 22. Rxd2 g5 23. Bg3 h5 24. Rdc2 hxg4 25. hxg4 Ke6 26. Rc5 Kd7 27. Kg2 Rh8 28. Rf5 Rh6 29. Rfc5 Rh7 30. d5 Ne5 31. Bxe5 fxe5 32. Rxa5 Rch8 33. Ra7 Rh2+ 34. Kf3 Rf8+ 35. Ke4 Rfxf2 36. Rxb7 Rc2 37. Rxc2 Rxc2 38. Kxe5 1-0


[Site "https://www.chess.com"]

[Event "Titled Tuesday Blitz August 17 2021"]
[White "Sonis, Francesco"]
[Black "Rakhmanov, Aleksandr"]
[WhiteFideId "895733"]
[BlackFideId "4173708"]
[WhiteElo "2373"]
[BlackElo "2498"]
[Result "0-1"]
[Round "11"]
[TimeControl "180+1"]
[Date "2021.08.17"]
[WhiteClock "0:00:33"]
[BlackClock "0:00:21"]

1. Nf3 Nf6 2. c4 e6 3. g3 a6 4. Bg2 b5 5. b3 Bb7 6. Nc3 b4 7. Na4 d6 8. O-O Nbd7 9. a3 a5 10. Bb2 Be7 11. d3 O-O 12. e4 e5 13. Re1 c5 14. h3 Ne8 15. Nd2 Nc7 16. Nf1 f5 17. exf5 Bxg2 18. Kxg2 Rxf5 19. Ne3 Rf7 20. axb4 axb4 21. Qg4 g6 22. h4 Nf6 23. Qe2 Rb8 24. Nf1 Qc8 25. Nd2 Qb7+ 26. Qf3 Qxf3+ 27. Nxf3 Ng4 28. Re4 Rbf8 29. Rxg4 Rxf3 30. Rf1 Rxd3 31. h5 Rxb3 32. hxg6 h5 33. Re4 Bf6 34. Bc1 Ne6 35. Rh1 Ra8 36. Nb6 Ra1 37. Nd5 Bg5 38. f4 Ra2+ 39. Kh3 Bxf4 40. Bxf4 Nxf4+ 41. Nxf4 exf4 42. Rxf4 Raa3 43. Re1 Rxg3+ 44. Kh4 Rxg6 45. Kxh5 Rg7 46. Kh4 Ra2 47. Kh3 Ra3+ 48. Kh4 Rag3 49. Re8+ Kh7 50. Rf5 R3g4+ 51. Kh3 Rxc4 52. Rh5+ Kg6 53. Rd5 Rd4 54. Rxd4 cxd4 55. Re6+ Kf5 56. Rxd6 Ke4 57. Rb6 d3 58. Rxb4+ Ke3 59. Rb8 d2 60. Re8+ Kf2 61. Rf8+ Ke1 62. Re8+ Kd1 63. Rd8 Rg5 64. Kh4 Rc5 65. Kg3 Kc2 0-1


[Site "https://www.chess.com"]

[Event "Titled Tuesday Blitz August 17 2021"]
[White "Stribuk, Artiom"]
[Black "Mirzoev, Azer"]
[WhiteFideId "13515659"]
[BlackFideId "13400304"]
[WhiteElo "2224"]
[BlackElo "2525"]
[Result "0-1"]
[Round "11"]
[TimeControl "180+1"]
[Date "2021.08.17"]
[WhiteClock "0:00:18"]
[BlackClock "0:01:24"]

1. d4 d5 2. c4 c6 3. Nf3 Nf6 4. e3 Bf5 5. Nc3 e6 6. Nh4 Be4 7. f3 Bg6 8. Qb3 Qc7 9. Nxg6 hxg6 10. cxd5 exd5 11. Bd2 Nbd7 12. O-O-O Nb6 13. Kb1 Rxh2 14. Rxh2 Qxh2 15. e4 Qc7 16. e5 Nfd7 17. Bd3 O-O-O 18. f4 Kb8 19. Rc1 Nc4 20. Bxc4 dxc4 21. Qxc4 Nb6 22. Qd3 Qd7 23. Be3 Be7 24. Rh1 c5 25. d5 Nxd5 26. Nxd5 Qxd5 27. Qxd5 Rxd5 28. Rh7 Rd3 29. Bc1 Bf8 30. Rh8 Rd8 31. Rg8 Kc7 32. g4 Kd7 33. f5 gxf5 34. gxf5 c4 35. Be3 a6 36. Kc2 b5 37. Kc3 Bb4+ 0-1


[Site "https://www.chess.com"]

[Event "Titled Tuesday Blitz August 17 2021"]
[White "Svane, Rasmus"]
[Black "Kezin, Roman"]
[WhiteFideId "4657101"]
[BlackFideId "24124621"]
[WhiteElo "2669"]
[BlackElo "2570"]
[Result "1-0"]
[Round "11"]
[TimeControl "180+1"]
[Date "2021.08.17"]
[WhiteClock "0:00:03"]
[BlackClock "0:00:08"]

1. Nf3 d5 2. g3 Nf6 3. Bg2 e6 4. O-O Be7 5. c4 O-O 6. b3 d4 7. e3 c5 8. Ne5 Nfd7 9. exd4 cxd4 10. Nxd7 Nxd7 11. d3 e5 12. Ba3 a5 13. Re1 Bb4 14. Bxb4 axb4 15. a3 f6 16. Nd2 Nc5 17. Ne4 Nxe4 18. Bxe4 bxa3 19. b4 Qe7 20. Qb3 a2 21. Bd5+ Be6 22. Bxe6+ Qxe6 23. Rxa2 Rxa2 24. Qxa2 b5 25. Ra1 bxc4 26. Qxc4 Qxc4 27. dxc4 Rc8 28. c5 Kf7 29. Ra6 Ke7 30. Rb6 Kd7 31. Kf1 Kc7 32. b5 Rb8 33. Rc6+ Kd7 34. Rd6+ Ke7 35. b6 Rc8 36. Rd5 Ke6 37. b7 Rb8 38. c6 Kxd5 39. c7 Rxb7 40. c8=Q Rb1+ 41. Kg2 d3 42. Qc3 e4 43. f3 f5 44. Kf2 Rb5 45. Ke3 Rc5 46. Qd4+ Kc6 47. fxe4 fxe4 48. Kxe4 Rc2 49. Kxd3 Rxh2 50. Qxg7 Kd5 51. Ke3 Ke6 52. Kf4 Rf2+ 53. Kg5 Rf7 54. Qh6+ Ke7 55. g4 Ke8 56. Qe6+ Kf8 57. Kh6 Kg8 58. g5 Kh8 59. Qe8+ Rf8 60. Qxf8# 1-0


[Site "https://www.chess.com"]

[Event "Titled Tuesday Blitz August 17 2021"]
[White "Sychev, Klementy"]
[Black "Vasli, Aref"]
[WhiteFideId "4114060"]
[BlackFideId "417521"]
[WhiteElo "2615"]
[BlackElo "2257"]
[Result "0-1"]
[Round "11"]
[TimeControl "180+1"]
[Date "2021.08.17"]
[WhiteClock "0:00:21"]
[BlackClock "0:00:06"]

1. e4 e5 2. Nf3 Nc6 3. Bc4 Bc5 4. O-O d6 5. d3 Nf6 6. c3 h6 7. b4 Bb6 8. Nbd2 O-O 9. Re1 Nh5 10. Nf1 Qf6 11. Ne3 Ne7 12. h3 Nf4 13. Ng4 Bxg4 14. hxg4 Neg6 15. Be3 c6 16. g3 Ne6 17. Kg2 Rad8 18. Bb3 d5 19. Qc2 d4 20. cxd4 Nxd4 21. Bxd4 Bxd4 22. Nxd4 Rxd4 23. a3 Rfd8 24. Re3 Qg5 25. Rf3 R8d7 26. Qe2 Qxg4 27. Kf1 Qh3+ 28. Kg1 R4d6 29. Rf5 Nf4 30. Qf1 Qxf1+ 31. Kxf1 Nxd3 32. Ke2 g6 33. Rf3 Nb2 34. Ra2 Rd2+ 35. Ke1 Kg7 36. Rxf7+ Rxf7 37. Bxf7 Rd4 38. Bb3 Rxe4+ 39. Kd2 Rd4+ 40. Kc3 Nd1+ 41. Bxd1 Rxd1 42. a4 Kf6 43. b5 c5 44. a5 Ke6 45. Kc4 Rc1+ 46. Kd3 h5 47. Rd2 c4+ 48. Ke4 Rb1 49. Rd8 Rxb5 50. Rg8 Kf6 51. Rc8 Rxa5 52. Rxc4 Rb5 53. Rc7 Rb4+ 54. Kd5 a5 55. Rc8 Kg5 56. Kxe5 a4 57. Rg8 Rb5+ 58. Ke4 a3 59. f4+ Kf6 60. Ra8 Rb4+ 61. Kd5 Rb3 62. Ke4 Rxg3 63. Ra7 Rb3 64. Kd4 b5 65. Kc5 b4 66. Kc4 Rb2 67. Kd4 a2 68. Ke4 b3 0-1


[Site "https://www.chess.com"]

[Event "Titled Tuesday Blitz August 17 2021"]
[White "Taichman, Ori"]
[Black "Seo, Jung Min"]
[WhiteFideId "2804069"]
[BlackFideId "1734687"]
[WhiteElo "2227"]
[BlackElo "2486"]
[Result "0-1"]
[Round "11"]
[TimeControl "180+1"]
[Date "2021.08.17"]
[WhiteClock "0:00:09"]
[BlackClock "0:00:05"]

1. e4 e6 2. d4 d5 3. Nc3 Bb4 4. e5 Ne7 5. Bd2 b6 6. Qg4 O-O 7. Nh3 Ba6 8. O-O-O Bxf1 9. Rhxf1 c5 10. Nf4 cxd4 11. Nce2 Bxd2+ 12. Rxd2 Nbc6 13. Nh5 Ng6 14. f4 Qh4 15. h3 Rac8 16. Kb1 Rc7 17. g3 Qxg4 18. hxg4 Rfc8 19. Rc1 Nge7 20. Nxd4 Nxd4 21. Rxd4 h6 22. Rd2 Rc4 23. Rh1 Re4 24. Rdh2 Kf8 25. a3 Re3 26. Kc1 Rc4 27. Kd2 Rce4 28. b3 Rf3 29. Kc1 Ree3 30. Kb2 Nc6 31. Nf6 gxf6 32. exf6 Rxg3 33. g5 Ref3 34. Rxh6 Ke8 35. Rh8+ Kd7 36. R1h7 Nd8 37. Rg7 Rxf4 38. Rhh7 Kd6 39. Rh8 Nc6 40. Rxf7 Rxg5 41. Rhh7 Rgf5 42. Rd7+ Ke5 43. f7 Rf2 44. Rc7 Nd4 45. a4 a5 46. Ka3 Rxc2 47. Rxc2 Nxc2+ 48. Kb2 Rf2 49. Rh2 Rxf7 50. Kxc2 Kd6 51. Kc3 Rf3+ 52. Kc2 e5 53. Rh6+ Kc5 54. Rh8 e4 55. Rc8+ Kd4 56. Rb8 Rf2+ 57. Kd1 Rf6 58. Rd8 Rh6 59. Ke2 Rh2+ 60. Kf1 e3 61. Rd6 Ke4 62. Re6+ Kd3 63. Rxb6 e2+ 64. Kg1 Rh4 65. Re6 Re4 66. Rxe4 dxe4 67. Kf2 Kd2 68. b4 e1=Q+ 0-1


[Site "https://www.chess.com"]

[Event "Titled Tuesday Blitz August 17 2021"]
[White "Tania, Sachdev"]
[Black "sganerdene"]
[WhiteFideId "5007844"]
[WhiteElo "2280"]
[BlackElo "2621"]
[Result "0-1"]
[Round "11"]
[TimeControl "180+1"]
[Date "2021.08.17"]
[WhiteClock "0:00:08"]
[BlackClock "0:00:48"]

1. d4 Nf6 2. c4 g6 3. Nc3 Bg7 4. e4 d6 5. f3 O-O 6. Nge2 c5 7. d5 e6 8. Ng3 exd5 9. cxd5 Re8 10. Be2 Nbd7 11. O-O a6 12. a4 Rb8 13. h3 h5 14. Bg5 Qb6 15. Qd2 Nh7 16. Be3 h4 17. a5 Qd8 18. Nh1 b5 19. axb6 Qxb6 20. Ra2 f5 21. Nf2 Ndf6 22. Bh6 Nh5 23. Bxg7 Kxg7 24. Rfa1 Ra8 25. Bb5 Re7 26. Bc6 Rb8 27. Kh2 Qb4 28. exf5 gxf5 29. Nd3 Qd4 30. Ne2 Qe3 31. Qxe3 Rxe3 32. Nef4 Ng3 33. Ra3 Ng5 34. R1a2 c4 35. Nf2 Re1 36. Ra4 Rf1 37. b4 cxb3 38. Rb2 Rxf2 39. Rxf2 b2 0-1


[Site "https://www.chess.com"]

[Event "Titled Tuesday Blitz August 17 2021"]
[White "Tari, Aryan"]
[Black "Garv Gaur"]
[WhiteFideId "1510045"]
[BlackFideId "45030839"]
[WhiteElo "2656"]
[BlackElo "1950"]
[Result "1-0"]
[Round "11"]
[TimeControl "180+1"]
[Date "2021.08.17"]
[WhiteClock "0:01:43"]
[BlackClock "0:00:13"]

1. c4 e6 2. g3 d5 3. Bg2 Nf6 4. Nf3 Be7 5. O-O O-O 6. b3 b6 7. Bb2 Bb7 8. e3 c5 9. cxd5 exd5 10. d4 Nc6 11. Nc3 cxd4 12. Nxd4 Rc8 13. Nf5 g6 14. Nh6+ Kg7 15. Ng4 Nxg4 16. Qxg4 Bf6 17. Rad1 Ne5 18. Qe2 Qe7 19. Nxd5 Bxd5 20. Rxd5 Rfd8 21. Rfd1 Rxd5 22. Rxd5 Rc5 23. Ba3 Qc7 24. Bxc5 bxc5 25. Qb5 c4 26. bxc4 Ng4 27. Rd7 Qc8 28. Bd5 Ne5 29. Rxa7 Qg4 30. Qe8 Qd1+ 31. Kg2 1-0


[Site "https://www.chess.com"]

[Event "Titled Tuesday Blitz August 17 2021"]
[White "TengisChess"]
[Black "Politov, Pavel Y."]
[BlackFideId "24110515"]
[WhiteElo "2470"]
[BlackElo "2090"]
[Result "1-0"]
[Round "11"]
[TimeControl "180+1"]
[Date "2021.08.17"]
[WhiteClock "0:02:17"]
[BlackClock "0:00:37"]

1. Nf3 Nf6 2. d4 g6 3. Nc3 d5 4. Bg5 Bg7 5. Qd2 Ne4 6. Qe3 Nxc3 7. bxc3 c5 8. Bh6 O-O 9. Bxg7 Kxg7 10. h4 h5 11. dxc5 Nc6 12. Nd4 Re8 13. f4 Qa5 14. Nxc6 bxc6 15. Qd4+ f6 16. Qb4 Qc7 17. e3 e5 18. Kf2 exf4 19. Qxf4 Qe7 20. Bd3 Qxc5 21. Qd4 Qd6 22. Rab1 Re7 23. c4 Bg4 24. cxd5 cxd5 25. Rb5 Rae8 26. Rxd5 Qa3 27. Rd6 Re5 28. Rb1 R8e7 29. Rb8 Rxe3 30. Qxf6+ Kh6 31. Rh8+ Rh7 32. Rxh7+ Kxh7 33. Kxe3 Qc1+ 34. Kf2 1-0


[Site "https://www.chess.com"]

[Event "Titled Tuesday Blitz August 17 2021"]
[White "TheKingDoctor"]
[Black "Shishkov, Andrei"]
[BlackFideId "4500563"]
[WhiteElo "2246"]
[BlackElo "2322"]
[Result "0-1"]
[Round "11"]
[TimeControl "180+1"]
[Date "2021.08.18"]
[WhiteClock "0:00:07"]
[BlackClock "0:00:12"]

1. e4 d5 2. exd5 Nf6 3. c4 e6 4. d4 exd5 5. Nc3 Bb4 6. Nf3 O-O 7. Be2 dxc4 8. Bxc4 Nc6 9. Be3 Bg4 10. O-O Bxf3 11. Qxf3 Nxd4 12. Qxb7 Rb8 13. Qxa7 c5 14. Bxd4 cxd4 15. Rad1 Rb6 16. Na4 Rd6 17. a3 Ba5 18. b4 Bc7 19. b5 Ng4 20. h3 Ne5 21. Bd3 Bb8 22. Qb7 Qf6 23. Qe4 g6 24. Rfe1 Nxd3 25. Rxd3 Re6 26. g3 Rxe4 27. Rxe4 Rd8 28. Nc5 Qb6 29. Na6 Qxb5 30. Rexd4 Rxd4 31. Rxd4 Qxa6 32. Rd8+ Kg7 33. Rxb8 Qxa3 34. Rb1 Qd3 35. Re1 Qd2 36. Re3 h5 37. h4 f5 38. Kg2 Qd5+ 39. Kh2 Kf6 40. Re1 Qd2 41. Rf1 Ke5 42. Kg2 Qd5+ 43. Kg1 Qf3 44. Re1+ Kd4 45. Rf1 Kd3 46. Ra1 Ke4 47. Ra4+ Kd5 48. Ra5+ Kc6 49. Ra1 Kd5 50. Re1 Qc3 51. Rd1+ Ke4 52. Re1+ Kf3 53. Re3+ Qxe3 54. fxe3 Kxg3 55. Kf1 Kxh4 56. Ke2 Kg4 57. Kd3 h4 58. Kd4 h3 59. e4 fxe4 60. Ke5 h2 61. Kf6 h1=Q 62. Kg7 Qf3 63. Kh8 e3 64. Kg7 e2 65. Kh8 e1=Q 66. Kg7 Qe7+ 67. Kh8 Qff8# 0-1


[Site "https://www.chess.com"]

[Event "Titled Tuesday Blitz August 17 2021"]
[White "Thing, Bibek"]
[Black "Hansen, Sune Berg"]
[WhiteFideId "12303135"]
[BlackFideId "1400266"]
[WhiteElo "2000"]
[BlackElo "2634"]
[Result "0-1"]
[Round "11"]
[TimeControl "180+1"]
[Date "2021.08.17"]
[WhiteClock "0:00:03"]
[BlackClock "0:00:47"]

1. e4 c5 2. Nf3 e6 3. g3 Nc6 4. Bg2 d6 5. O-O Bd7 6. c3 Nf6 7. Qe2 Rc8 8. Rd1 Be7 9. d4 cxd4 10. Nxd4 Qc7 11. Na3 a6 12. Bg5 O-O 13. Nac2 Rfe8 14. Rac1 h6 15. Be3 Ne5 16. Ne1 Nc4 17. b3 Nxe3 18. Qxe3 Bf8 19. c4 Qc5 20. a4 Ng4 21. Qe2 Ne5 22. h3 Be7 23. Kh2 Bf6 24. f4 Nc6 25. Ndc2 Rcd8 26. Nd3 Qb6 27. Ra1 Bxa1 28. Nxa1 a5 29. Nc1 Bc8 30. Na2 d5 31. cxd5 exd5 32. e5 d4 33. Qc4 Be6 34. Qb5 Qxb5 35. axb5 Na7 36. b6 Nc6 37. Rd2 Bd5 38. Bxd5 Rxd5 39. Kg2 Rb5 40. Nc2 Rxb3 41. Nxd4 Nxd4 42. Rxd4 Rb2+ 43. Kf3 Rxa2 44. Rd7 Rb2 45. Rxb7 a4 0-1


[Site "https://www.chess.com"]

[Event "Titled Tuesday Blitz August 17 2021"]
[White "Timmermans, Mark"]
[Black "Moskalenko, Alexander"]
[WhiteFideId "1026399"]
[BlackFideId "4155351"]
[WhiteElo "2460"]
[BlackElo "2495"]
[Result "1/2-1/2"]
[Round "11"]
[TimeControl "180+1"]
[Date "2021.08.17"]
[WhiteClock "0:00:35"]
[BlackClock "0:00:53"]

1. b4 g6 2. Bb2 Nf6 3. c4 Bg7 4. b5 a6 5. a4 O-O 6. e3 c6 7. Nf3 axb5 8. axb5 Rxa1 9. Bxa1 d6 10. Be2 Nbd7 11. O-O e5 12. d4 e4 13. Nfd2 d5 14. Nc3 Re8 15. Qb3 Nf8 16. Bb2 h5 17. Rc1 h4 18. bxc6 bxc6 19. cxd5 cxd5 20. Nb5 h3 21. Rxc8 Qxc8 22. Nd6 Qb8 23. Nxe8 Qxe8 24. gxh3 Ne6 25. Bf1 Ng5 26. Bg2 Qe6 27. h4 Nh3+ 28. Bxh3 Qxh3 29. Nf1 Qxh4 30. Qb8+ Kh7 31. Qg3 Qh5 32. Ba3 Ng4 33. Be7 Nh6 34. Qg5 Qxg5+ 35. Bxg5 Nf5 36. Ng3 Nd6 37. Be7 Nc4 38. Ne2 Bh6 39. Nc3 Nxe3 40. fxe3 Bxe3+ 41. Kg2 Bxd4 42. Nxd5 f5 43. h4 Kg8 44. Bg5 Kf7 45. Nf4 Ba1 46. Kf1 Bb2 47. Ke2 Bc3 48. Ke3 Bb2 49. Kd2 Bd4 50. Kc2 Be5 51. Kb3 Bg7 52. Kc4 Be5 53. Kd5 Bb2 54. Nh3 Bc3 55. Bf4 Be1 56. Bg5 Bg3 57. Bd8 Ke8 58. Bg5 Kf7 59. Kc6 e3 60. Bxe3 Bxh4 61. Kd5 Kf6 62. Bd4+ Kf7 63. Be3 Kf6 64. Bd4+ Kf7 65. Be3 1/2-1/2


[Site "https://www.chess.com"]

[Event "Titled Tuesday Blitz August 17 2021"]
[White "Timofeev, Artyom"]
[Black "Siva Mahadevan"]
[WhiteFideId "4140419"]
[BlackFideId "25043153"]
[WhiteElo "2582"]
[BlackElo "2203"]
[Result "1-0"]
[Round "11"]
[TimeControl "180+1"]
[Date "2021.08.17"]
[WhiteClock "0:01:20"]
[BlackClock "0:00:43"]

1. c4 Nf6 2. Nc3 c5 3. Nf3 d5 4. cxd5 Nxd5 5. Qa4+ Nc6 6. Ne5 Bd7 7. Nxd7 Qxd7 8. d3 Ndb4 9. g3 Nd4 10. Qxd7+ Kxd7 11. Kd1 e6 12. Bg2 Be7 13. Bxb7 Rab8 14. Bg2 Rhc8 15. Bd2 c4 16. dxc4 Rxc4 17. Rc1 Bf6 18. a3 Nbc6 19. Ne4 Rxc1+ 20. Bxc1 Be7 21. e3 Nb3 22. Kc2 Nca5 23. Rd1+ Ke8 24. Bf1 f5 25. Nc3 Rc8 26. Bd2 Bf6 27. Be1 Ke7 28. Kb1 Rb8 29. Ka2 Rb7 30. h4 g6 31. Nb5 a6 32. Bb4+ 1-0


[Site "https://www.chess.com"]